 Dungeon Crawl Stone Soup version 0.29.1-1-gd02db6906a (console) character file.

Game seed: 17618566502165157280

4 sentinel the Digger (level 2, 0/20 HPs)
             Began as a Meteoran Earth Elementalist on Sept 29, 2022.
             Slain by a jackal (2 damage)
             ... on level 1 of the Dungeon.
             The game lasted 00:00:02 (92 turns).

sentinel the Digger (Meteoran Earth Elementalist)     Turns: 92, Time: 00:00:03

Health: 0/20       AC:  2    Str:  9    XL:     2   Next: 0%
Magic:  0/6        EV: 12    Int: 16    God:
Gold:   0          SH:  0    Dex: 14    Spells: 5/6 levels left

rFire   . . .      SeeInvis .   (no weapon)
rCold   . . .      Faith    .   (no shield)
rNeg    . . .      Spirit   .   a - +0 robe
rPois   .          Reflect  .   (no helmet)
rElec   .          Harm     .   (no cloak)
rCorr   .          Rampage  .   (no gloves)
Will    .....                   (no boots)
Stlth   +.........              (no amulet)
HPRegen 0.06/turn               (no ring)
MPRegen 0.10/turn               (no ring)

@: glowing
A: sense surroundings 1, otherworldly, glowing, explore regen
a: no special abilities


You were on level 1 of the Dungeon.
You visited 1 branch of the dungeon, and saw 1 of its levels.

Inventory:

Armour
 a - a +0 robe (worn)
Potions
 b - a potion of magic


   Skills:
 - Level 2.4 Dodging
 - Level 1.4 Stealth
 - Level 2.6 Spellcasting
 - Level 1.2 Transmutations
 + Level 4.1 Earth Magic


You had 5 spell levels left.
You knew the following spells:

 Your Spells              Type           Power      Damage    Failure   Level
a - Sandblast             Erth           30%        2d9       3%          1

Your spell library contained the following spells:

 Spells                   Type           Power      Damage    Failure   Level
 Passwall                 Tmut/Erth      8%         N/A       10%         2
 Stone Arrow              Conj/Erth      16%        3d8       26%         3
 Petrify                  Tmut/Erth      10%        N/A       54%         4


Dungeon Overview and Level Annotations

Branches:
Dungeon (1/15) Zot: 502

Altars:


Innate Abilities, Weirdness & Mutations

You passively map a small area around you.
You are easily found by Zot.
You glow in the dark.
You regain HP and MP as you explore.


Message History

The kobold throws a stone.
The stone misses you.
The blast of sand misses the kobold.
Unknown command.
The blast of sand hits the kobold.
The kobold is moderately wounded.
The kobold throws a stone.
The stone hits you.
The kobold throws a stone.
The stone hits you.
Unknown command.
The blast of sand hits the kobold!
You kill the kobold!
Unknown command.
You can't see any susceptible monsters within range! (Use Z to cast anyway.) Unknown command.
No target in view!
No target in view!
You can't see any susceptible monsters within range! (Use Z to cast anyway.) Unknown command.
You can't see any susceptible monsters within range! (Use Z to cast anyway.) Unknown command.
You can't see any susceptible monsters within range! (Use Z to cast anyway.) Unknown command.
You can't see any susceptible monsters within range! (Use Z to cast anyway.) Unknown command.
No target in view!
No target in view!
You can't see any susceptible monsters within range! (Use Z to cast anyway.) Unknown command.
You can't see any susceptible monsters within range! (Use Z to cast anyway.) Unknown command.
You can't see any susceptible monsters within range! (Use Z to cast anyway.) Unknown command.
You can't see any susceptible monsters within range! (Use Z to cast anyway.) Unknown command.
HP restored.
Magic restored.
You open the door.
Found a faded altar of an unknown god.
Unknown command.
There is an open door here.
There is an open door here. 2 jackals come into view.
The jackal barks! x2; You hear a bark!
You hear a shout!
A ball python comes into view.
Unknown command.
But you're not safe!
Unknown command.
But you're not safe!
Unknown command.
But you're not safe!
Unknown command.
The blast of sand hits the ball python!
You kill the ball python!
A jackal comes into view.
The jackal moves out of view.
The blast of sand hits the jackal!
You kill the jackal!
The jackal barks!
You hear a shout!
Unknown command.
The blast of sand misses the jackal.
A kobold comes into view. It is wielding a +0 dagger.
Unknown command.
The blast of sand hits the jackal.
The jackal is heavily wounded.
The kobold shouts!
You hear an angry hiss.
The jackal bites you but does no damage.
The jackal barely misses you.
Unknown command.
The blast of sand hits the jackal!
You kill the jackal!
The jackal bites you but does no damage.
The kobold closely misses you.
Your Earth Magic skill increases to level 4!
You have reached level 2!
Unknown command.
You hit the kobold but do no damage.
The jackal bites you but does no damage.
The kobold hits you but does no damage.
You closely miss the kobold. The jackal bites you. The jackal misses you.
The kobold closely misses you.
You are out of magic!
Unknown command.
You are out of magic!
Unknown command.
You are out of magic!
Unknown command.
You closely miss the kobold.
The jackal bites you but does no damage.
The kobold hits you but does no damage.
You closely miss the kobold. The jackal completely misses you.
A kobold comes into view. It is wielding a +0 dagger.
The jackal bites you. The kobold hits you with a +0 dagger.
The blast of sand hits the kobold but does no damage.
The jackal closely misses you.
A quokka comes into view.
The kobold hits you with a +0 dagger.
The jackal bites you but does no damage.
Unknown command.
You are out of magic!
Unknown command.
You are out of magic!
Unknown command.
You are out of magic!
Unknown command.
But you're not safe!
Unknown command.
But you're not safe!
Unknown command.
But you're not safe!
Unknown command.
But you're not safe!
Unknown command.
But you're not safe!
Unknown command.
You hit the kobold but do no damage. The kobold hits you with a +0 dagger.
The jackal bites you.
You hit the kobold.
The kobold is moderately wounded.
The jackal bites you.
The kobold hits you with a +0 dagger. x2
You are out of magic!
Unknown command.
You are out of magic!
Unknown command.
You are out of magic!
Unknown command.
You are out of magic!
Unknown command.
You hit the kobold.
The kobold is severely wounded.
The jackal closely misses you. The kobold closely misses you.
The kobold hits you but does no damage.
The quokka twitches its whiskers.
The jackal closely misses you.
You miss the kobold.
The kobold is severely wounded.
The jackal misses you. The kobold hits you but does no damage.
The kobold barely misses you.
You are out of magic!
Unknown command.
You are out of magic!
Unknown command.
You are out of magic!
Unknown command.
You are out of magic!
Unknown command.
You hit the kobold but do no damage.
The kobold is severely wounded.
The jackal bites you.
* * * LOW HITPOINT WARNING * * *
The kobold hits you but does no damage. x2; The jackal bites you.
You die...

............#.###.#.. *
**#.######.###.#8...8#.#
* ##.,###...#
#.###_###.# , .....#.###
#...###...# , #.#.#.#
#.........# , ** #..#.#
########### ,
,#.#.####### * * ,
#.#K......... ,, ,
#.K@.####### , , #†#h#.#
....r#.# , , ###†....#
** *#...#### * ...## * *
, ..##, * .# ,, , , * ,*
,, *


You could see a quokka, a jackal and 2 kobolds.

Vanquished Creatures
  A ball python (D:1)
  2 jackals (D:1)
  A kobold (D:1)
4 creatures vanquished.

Notes
Turn   | Place    | Note
-------+----------+-------------------------------------------
     0 | D:1      | sentinel the Meteoran Earth Elementalist began the quest
                  | for the Orb.
     0 | D:1      | Reached XP level 1. HP: 14/14 MP: 5/5
    37 | D:1      | Found a faded altar of an unknown god.
    37 | D:1      | Noticed a Tzitzimitl
    83 | D:1      | Reached skill level 4 in Earth Magic
    83 | D:1      | Reached XP level 2. HP: 20/20 MP: 0/6
    92 | D:1      | Slain by a jackal

Illustrated notes

Levels and vault maps discovered:
D:1:      lightli_arrival_statue_moat, layout_basic,
          dreamdust_ecumenical_altar_sealed_demon, grunt_decor_resistance,
          minmay_misc_feat_square, nicolae_kite_square_tiling_tiny,
          nrook_mini_backslash, minmay_small_reverse_x

Skill      XL: |  1 |
---------------+----+-----
Earth Magic    | 4 |  4.1
Dodging        | |  2.4
Stealth        | |  1.4
Spellcasting   | |  2.6
Transmutations | |  1.2

Action                   || total
-------------------------++-------
Melee: Unarmed           ||     9
 Cast: Sandblast         ||     9
Armor: Robe              ||    11
Dodge: Dodged            ||    12
